Map: Prion Terraces

Players

LilDicky

  • Race: Terran Terran
  • League: Diamond

AsAlways - Winner!

  • Race: Zerg Zerg
  • League: Diamond

VOD

http://www.twitch.tv/tumescentpie

Description

Time

  • Played on: Dec. 1, 2015, 3:21 p.m.
  • Length: 5:11
Show
View Real Time Build Order
Export as new Build Order

LilDicky Terran 

Build Orders: Reaper Expand 

Get SALT Encoding   

  12  0:01  SCV  
  13  0:14  SCV  
  14  0:17  Supply Depot  
  14  0:28  SCV  
  15  0:31  Refinery  
  15  0:40  SCV  
  16  0:45  Barracks  
  16  0:57  SCV  
  17  1:09  SCV  
  18  1:21  SCV  
  19  1:32  Reaper  
  20  1:33  Supply Depot  
  20  1:34  Orbital Command  
  20  1:57  Command Center  
  20  2:04  Marine  
  21  2:09  Factory  
  21  2:12  Refinery  
  21  2:16  SCV  
  22  2:23  Marine  
  23  2:32  SCV  
  24  2:44  SCV  
  26  2:53  Barracks Tech Lab  
  26  2:55  Hellion  
  26  2:57  Command Center  
  27  3:04  SCV  
  27  3:11  Orbital Command  
  27  3:31  Siege Tank  
  27  3:32  Marine  
  29  3:38  SCV  
  29  3:40  SCV  
  31  3:46  Starport  
  31  3:50  SCV, Marine  
  31  3:52  SCV  
  34  3:59  Supply Depot  
  34  4:02  SCV  
  35  4:08  Siege Tank  
  37  4:19  SCV  
  38  4:27  Engineering Bay  
Show
View Real Time Build Order
Export as new Build Order

AsAlways Zerg - Winner!

Build Orders: Hatch First, Ravager All-In 

Get SALT Encoding   

  12  0:01  Drone  
  13  0:07  Drone  
  14  0:17  Overlord  
  14  0:35  Drone x3  
  17  0:48  Drone  
  18  0:51  Extractor  
  17  0:59  Hatchery  
  16  1:13  Spawning Pool  
  16  1:15  Drone  
  16  1:19  Drone  
  16  1:24  Drone  
  18  1:31  Drone  
  19  1:40  Drone  
  20  1:50  Overlord  
  20  2:05  Queen  
  20  2:06  Metabolic Boost  
  22  2:10  Roach Warren  
  22  2:11  Drone  
  22  2:13  Drone  
  23  2:24  Queen  
  23  2:26  Drone  
  26  2:39  Zergling x8  
  30  2:45  Drone  
  30  2:46  Drone  
  31  2:53  Extractor  
  29  3:05  Drone  
  30  3:06  Drone x2  
  30  3:08  Roach  
  34  3:17  Roach  
  34  3:19  Overlord x2  
  36  3:38  Drone  
  36  3:39  Roach  
  36  3:40  Roach x4  
  46  3:51  Drone x3  
  46  3:54  Overlord  
  49  4:09  Drone x2  
  51  4:12  Overlord  
  51  4:14  Drone x2  
  52  4:27  Ravager x2  
  49  4:47  Ravager x4  
  49  4:49  Zergling x2  
  49  4:50  Zergling x22  
  65  5:05  Hatchery  
Tags
 
Add a new tag
Caveats
  • Supply blocks, unpowered buildings, or Contaminate may cause inaccurate times.
  • Supply counts are checked every 10 seconds.